 Dungeon Sprint DCSS version 0.21.1-1-g345015f (webtiles) character file.

10154 Melicamp the Fighter (level 11, 0/192 (196) HPs)
             Began as a Troll Monk on Apr 4, 2018.
             Was the Champion of Trog.
             Slain by a 14-headed hydra (10 damage)
             ... in the Dungeon (Sprint I: "Red Sonja").
             The game lasted 00:16:21 (1824 turns).

Melicamp the Fighter (Troll Monk)                   Turns: 1824, Time: 00:16:22

HP:   0/192 (196)   AC:  8    Str: 26    XL:     11   Next: 32%
MP:   7/10          EV: 17    Int: 10    God:    Trog [******]
Gold: 680           SH:  0    Dex: 15    Spells: 10/10 levels left

rFire    . . .     SeeInvis .   a - +11 demon blade "Duunuf" {slice, Int+4 Stlth+}
rCold    . . .     Gourm    +   (no shield)
rNeg     . . .     Faith    .   m - +0 troll leather armour
rPois    .         Spirit   .   (helmet restricted)
rElec    .         Reflect  .   l - +0 cloak {MR+}
rCorr    .         Harm     .   (gloves unavailable)
MR       +++..     NoTele   +   (boots unavailable)
Stlth    ..........             p - amulet of regeneration
HPRegen  2.62/turn              (no ring)
MPRegen  0.12/turn              (no ring)

@: berserking, regenerating, very quick
A: large, unfitting armour, claws 3, fast metabolism 3, gourmand, regeneration
1, shaggy fur 1, tough skin 2
a: Berserk, Trog's Hand, Brothers in Arms, Burn Spellbooks, Renounce Religion


You were in the Dungeon.
You worshipped Trog.
Trog was exalted by your worship.
You were very full.

You visited 1 branch You collected 2001 gold pieces.
You spent 1321 gold pieces at shops.

Inventory:

Hand Weapons
 a - the +11 demon blade "Duunuf" (weapon) {slice, Int+4 Stlth+}
   (You bought it in a shop in the Dungeon)

   It inflicts extra damage upon your enemies.
   It affects your intelligence (+4).
   It makes you more stealthy.
Armour
 l - a +0 cloak of magic resistance (worn)
 m - a +0 troll leather armour (worn)
Jewellery
 p - an amulet of regeneration (around neck)
Wands
 j - a wand of flame (19)
 k - a wand of digging (11)
Scrolls
 h - a scroll of blinking
Potions
 c - 3 potions of curing
 d - 2 potions of heal wounds
 e - a potion of haste
 f - 3 potions of magic
 g - a potion of berserk rage
 i - 2 potions of ambrosia
Books
 q - a Fen Folio (quivered)

   Spells                             Type                      Level
   a - Corpse Rot                     Necromancy                   2
   b - Stone Arrow                    Conjuration/Earth            3
   c - Leda's Liquefaction            Hexes/Earth                  4
   d - Summon Forest                  Summoning/Translocation      5
   e - Hydra Form                     Transmutation                6
   f - Summon Hydra                   Summoning                    7
   Trog disapproves of the use of such an item.
Comestibles
 b - 8 rations
 n - 6 chunks of flesh


   Skills:
 - Level 14.4 Fighting
 * Level 6.5 Long Blades
   Level 6.0 Maces & Flails
 + Level 11.8 Dodging
 - Level 1.0 Stealth
 - Level 14.4 Unarmed Combat


You had 10 spell levels left.
You didn't know any spells.

Dungeon Overview and Level Annotations

Branches:
Dungeon (1/1)

Altars:
Cheibriados
Dithmenos
Elyvilon
Fedhas
Gozag
Hepliaklqana
Kikubaaqudgha
Makhleb
Nemelex Xobeh
Okawaru
Qazlal
Ru
Sif Muna
Trog
Uskayaw
Vehumet
Wu Jian
Xom
Yredelemnul
Zin
The Shining One
Jiyva
Lugonu

Shops:
D [%:%((}}(=[=[![=


Innate Abilities, Weirdness & Mutations

You are too large for most types of armour.
You have claws for hands.
Your metabolism is lightning-fast.
You like to eat raw meat.
Your natural rate of healing is unusually fast.
You are covered in fur. (AC +1)
You have very tough skin. (AC +2)


Message History

The floating eye's view fixates on you.
You can move again.
You are too berserk!
You are too berserk!
You chop one of the 13-headed hydra's heads off!
The 12-headed hydra grows two more!
You slice the 14-headed hydra!!
The 14-headed hydra is heavily wounded.
The 14-headed hydra bites you!
* * * LOW HITPOINT WARNING * * *
The 14-headed hydra bites you but does no damage.
The 14-headed hydra closely misses you. The 14-headed hydra bites you.
* * * LOW HITPOINT WARNING * * *
The 14-headed hydra misses you. The 14-headed hydra closely misses you.
The 14-headed hydra bites you!
* * * LOW HITPOINT WARNING * * *
The 14-headed hydra completely misses you.
The 14-headed hydra misses you. The 14-headed hydra bites you.
* * * LOW HITPOINT WARNING * * *
The 14-headed hydra bites you!
You die...

#####################
..#..#§§§)§÷§§§§@DG$#
..##§#.####§§§§§##$.+
..'..#§# ##§.§## ##
###§.§.# ###+#
.##+#### #.# .#...
#..###$# §#§...
##.#A#$# §###..§
.###$# .§.#...#
##..$#


You could see a 14-headed hydra and a floating eye.

Vanquished Creatures
  2 centaur warriors (D)
  Sonja (D)
  2 unseen horrors (D)
  A deep troll (D)
  A lindwurm (D)
  An oklob plant (D)
  A gargoyle (D)
  2 kobold demonologists (D)
  4 demonic crawlers (D)
  A hornet (D)
  A slime creature (D)
  2 redbacks (D)
  A yak (D)
  Sigmund (D)
  13 hogs (D)
  3 floating eyes (D)
  An ogre (D)
  7 necrophages (D)
  8 jellies (D)
  Ijyb (D)
  3 ballistomycetes (D)
57 creatures vanquished.

Vanquished Creatures (others)
  2 ballistomycete spores (D)
2 creatures vanquished.

Grand Total: 59 creatures vanquished

Notes
Turn   | Place    | Note
-------+----------+-------------------------------------------
     0 | D        | Melicamp the Troll Monk began the quest for the Orb.
     0 | D        | Reached XP level 1. HP: 22/22 MP: 0/0
     1 | D        | Noticed Ijyb
     9 | D        | Killed Ijyb
     9 | D        | Reached XP level 2. HP: 33/33 MP: 1/1
    13 | D        | Noticed an ogre
    18 | D        | Killed an ogre
    18 | D        | Reached XP level 3. HP: 18/45 MP: 2/2
    18 | D        | Reached XP level 4. HP: 21/53 MP: 3/3
    82 | D        | Noticed Sigmund
    87 | D        | Killed Sigmund
    87 | D        | Reached XP level 5. HP: 57/66 MP: 4/4
   113 | D        | Found a deep blue altar of Sif Muna.
   114 | D        | Found an ornate altar of the Wu Jian Council.
   115 | D        | Found a radiant altar of Vehumet.
   119 | D        | Reached XP level 6. HP: 70/75 MP: 5/5
   127 | D        | Found a burning altar of Makhleb.
   127 | D        | Found a viscous altar of Jiyva.
   127 | D        | Found a shimmering altar of Xom.
   127 | D        | Found a corrupted altar of Lugonu.
   127 | D        | Noticed a slime creature
   133 | D        | Killed a slime creature
   133 | D        | Reached skill level 10 in Fighting
   214 | D        | Found Norghata's Food Emporium.
   214 | D        | Found an ancient bone altar of Kikubaaqudgha.
   214 | D        | Found a hazy altar of Hepliaklqana.
   214 | D        | Found a stormy altar of Qazlal.
   214 | D        | Found a hide-covered altar of Uskayaw.
   214 | D        | Found a blossoming altar of Fedhas.
   214 | D        | Found a bloodstained altar of Trog.
   214 | D        | Found an iron altar of Okawaru.
   214 | D        | Found a basalt altar of Yredelemnul.
   214 | D        | Found a glowing golden altar of the Shining One.
   214 | D        | Found a snail-covered altar of Cheibriados.
   214 | D        | Found a sacrificial altar of Ru.
   214 | D        | Found a glowing silver altar of Zin.
   214 | D        | Found a shadowy altar of Dithmenos.
   214 | D        | Found a white marble altar of Elyvilon.
   214 | D        | Noticed a yak
   215 | D        | Found an opulent altar of Gozag.
   219 | D        | Killed a yak
   219 | D        | Reached XP level 7. HP: 50/88 MP: 6/6
   278 | D        | Found a sparkling altar of Nemelex Xobeh.
   282 | D        | Became a worshipper of Trog the Wrathful
   282 | D        | Reached * piety under Trog
   282 | D        | Reached ** piety under Trog
   314 | D        | Noticed Sonja
   321 | D        | Killed Sonja
   321 | D        | Reached skill level 10 in Unarmed Combat
   321 | D        | Reached XP level 8. HP: 67/101 MP: 7/7
   533 | D        | Found Yduogre's Armour Boutique.
   541 | D        | Bought a +0 cloak of magic resistance for 126 gold pieces
   542 | D        | Noticed a shining eye
   542 | D        | Noticed a shining eye
   542 | D        | Noticed a shining eye
   578 | D        | Noticed a centaur warrior
   578 | D        | Noticed a centaur warrior
   584 | D        | Killed a centaur warrior
   589 | D        | Killed a centaur warrior
   589 | D        | Reached *** piety under Trog
   589 | D        | Reached XP level 9. HP: 46/114 MP: 8/8
   683 | D        | Noticed a deep troll
   688 | D        | Killed a deep troll
   813 | D        | Noticed a kobold demonologist
   814 | D        | Noticed a kobold demonologist
   819 | D        | Reached skill level 5 in Dodging
   821 | D        | Noticed an orange demon
   824 | D        | Killed a kobold demonologist
   824 | D        | Reached **** piety under Trog
   828 | D        | Killed a kobold demonologist
   933 | D        | Noticed a demonic crawler
   933 | D        | Noticed a demonic crawler
   933 | D        | Noticed a demonic crawler
   933 | D        | Noticed a demonic crawler
   938 | D        | Killed a demonic crawler
   938 | D        | Reached ***** piety under Trog
   938 | D        | Reached XP level 10. HP: 123/123 MP: 9/9
  1033 | D        | Bought a ration for 65 gold pieces
  1033 | D        | Bought a ration for 65 gold pieces
  1033 | D        | Bought a ration for 65 gold pieces
  1066 | D        | Noticed an oklob plant
  1074 | D        | Killed an oklob plant
  1110 | D        | Received a gift from Trog
  1207 | D        | Killed an unseen horror
  1207 | D        | Reached skill level 10 in Dodging
  1223 | D        | Killed an unseen horror
  1315 | D        | Received a gift from Trog
  1341 | D        | Reached ****** piety under Trog
  1341 | D        | Reached skill level 5 in Maces & Flails
  1426 | D        | Received a gift from Trog
  1516 | D        | Found Reixkie's Food Shoppe.
  1516 | D        | Found Onunwim's Book Shop.
  1516 | D        | Found Bewekk's Antique Weapon Boutique.
  1518 | D        | Found Neaxett's Weapon Emporium.
  1518 | D        | Found Wout Kiu's Gadget Shop.
  1518 | D        | Found Hionnir's Gadget Shoppe.
  1518 | D        | Found Hutuesyo's Antique Weapon Boutique.
  1518 | D        | Found Plog's Jewellery Emporium.
  1518 | D        | Found Xounox's Antique Armour Shop.
  1518 | D        | Found Zasmimau's Jewellery Shoppe.
  1523 | D        | Bought a ration for 60 gold pieces
  1523 | D        | Bought a ration for 60 gold pieces
  1523 | D        | Bought a ration for 60 gold pieces
  1523 | D        | Bought a ration for 60 gold pieces
  1523 | D        | Bought a ration for 60 gold pieces
  1523 | D        | Bought a ration for 60 gold pieces
  1523 | D        | Found Gatokk's Antique Armour Boutique.
  1524 | D        | Found Mullap's Armour Emporium.
  1524 | D        | Found Buenejae's Distillery.
  1525 | D        | Found Nusesh's Jewellery Emporium.
  1531 | D        | Bought an encrusted demon blade for 640 gold pieces
  1538 | D        | Identified the +11 demon blade "Duunuf" {slice, Int+4 Stlth+} (You bought it in a shop in the Dungeon)
  1593 | D        | Noticed a gargoyle
  1601 | D        | Killed a gargoyle
  1601 | D        | Reached skill level 1 in Long Blades
  1601 | D        | Reached XP level 11. HP: 120/128 MP: 10/10
  1620 | D        | Noticed a lindwurm
  1626 | D        | Killed a lindwurm
  1696 | D        | Received a gift from Trog
  1696 | D        | Reached skill level 5 in Long Blades
  1720 | D        | Received a gift from Trog
  1800 | D        | Noticed a daeva
  1820 | D        | Noticed a 12-headed hydra
  1822 | D        | Paralysed by a floating eye for 2 turns
  1824 | D        | Slain by a 14-headed hydra

Skill      XL: |  1  2  3  4  5  6  7  8  9 10 11 |
---------------+----------------------------------+-----
Fighting       | 4 6 8 9 11 12 14 | 14.4
Unarmed Combat | 4 6 7 9 10 12 13 14 | 14.4
Dodging        | 7 11 | 11.8
Maces & Flails | 6 |  6.0
Long Blades    | 1 6 |  6.5
Stealth        | |  1.0

Action                   |  1- 3 |  4- 6 |  7- 9 | 10-12 || total
-------------------------+-------+-------+-------+-------++-------
Melee: Unarmed           |    11 |    15 |    38 |    93 ||   157
       Punch             |       |     1 |     2 |    13 ||    16
       Demon blade       |       |       |       |    51 ||    51
Invok: Berserk           |       |       |     4 |     4 ||     8
       Trog's Hand       |       |       |     1 |     1 ||     2
  Use: Scroll            |       |       |     1 |     2 ||     3
 Stab: Sleeping          |       |       |       |     2 ||     2
  Eat: Chunk             |       |     3 |     2 |    11 ||    16
       Ration            |       |       |     1 |     3 ||     4
Armor: Robe              |     2 |       |     3 |       ||     5
       Troll leather arm |       |       |     9 |    45 ||    54
Dodge: Dodged            |     6 |     2 |    25 |   101 ||   134
       Rpst.: Demon blade |       |       |       |    14 ||    14
